 Dungeon Crawl Stone Soup version 0.32-a0-306-gfed3edf829 (webtiles) character file.

Game seed: 16253340585073526312

116 pokeman the Magician (level 4, -2/25 HPs)
             Began as a Deep Elf Hedge Wizard on Feb 14, 2024.
             Slain by a gnoll
             ... wielding a +0 club
              (7 damage)
             ... on level 2 of the Dungeon.
             The game lasted 00:03:57 (2018 turns).

pokeman the Magician (Deep Elf Hedge Wizard)        Turns: 2018, Time: 00:03:58

Health: -2/25      AC:  2    Str:  7    XL:     4   Next: 69%
Magic:  7/13       EV: 13    Int: 21    God:
Gold:   29         SH:  0    Dex: 14    Spells: 6/14 levels left

rFire   . . .        a - +0 dagger
rCold   . . .        (no shield)
rNeg    . . .        b - +0 robe
rPois   .            c - +0 hat
rElec   .            (no cloak)
rCorr   .            (no gloves)
SInv    .            (no boots)
Will    .....        (no amulet)
Stlth   ++           (no ring)
HPRegen 0.24/turn    (no ring)
MPRegen 0.13/turn

%: no passive effects
@: very slightly contaminated
A: no striking features
a: no special abilities


You were on level 2 of the Dungeon.
You visited 1 branch of the dungeon, and saw 2 of its levels.

You collected 29 gold pieces.

Inventory:

Hand Weapons
 a - a +0 dagger (weapon)
Armour
 b - a +0 robe (worn)
 c - a +0 hat (worn)
Wands
 l - a wand of polymorph (7)
Scrolls
 e - a scroll of revelation {unknown}
 f - a scroll of noise {unknown}
 g - 2 scrolls of enchant weapon {unknown}
 h - a scroll of butterflies {unknown}
 i - a scroll of vulnerability {unknown}
 j - 2 scrolls of fog {unknown}
 k - a scroll of identify {unknown}
 m - a scroll of amnesia {unknown}
Potions
 d - a potion of magic


   Skills:
 - Level 1.0 Fighting
 - Level 1.0 Armour
 + Level 2.9 Dodging
 + Level 2.9 Stealth
 * Level 5.8 Spellcasting
 + Level 2.3 Conjurations
 - Level 1.1 Summonings
 - Level 1.1 Translocations


You had 6 spell levels left.
You knew the following spells:

 Your Spells              Type           Power      Damage    Failure   Level
a - Magic Dart            Conj           64%        1d6       3%          1
b - Mephitic Cloud        Conj/Alch/Air  9%         N/A       22%         3
c - Call Imp              Summ           20%        N/A       10%         2
d - Blink                 Tloc           20%        N/A       10%         2

Your spell library contained the following spells:

 Spells                   Type           Power      Damage    Failure   Level
 Slow                     Hex            24%        N/A       10%         1
 Cigotuvi's Dreadful Rot  Necr/Alch/Air  12%        N/A       16%         2


Dungeon Overview and Level Annotations

Branches:
Dungeon (2/15)

Altars:
Kikubaaqudgha

Shops:
D:1 =


Message History

Found a hand axe.
You see here a +0 whip.
Found a hand axe.
Things that are here:
a +0 flail; a gnoll corpse You see here a +0 hand axe.
Found a hand axe.
You open the door.
There are monsters nearby!
Okay, then.
Unknown command.
Casting: Magic Dart (safe; 3% risk of failure)
Confirm with . or Enter, or press ? or * to list all spells.
Aiming: Mephitic Cloud (extremely dangerous; 22% risk of failure)
Press: ? - help, Shift-Dir - straight line, f - gnoll
Aim: a gnoll, wielding a +0 club (chance to affect: 91%)
The ball explodes into a vile cloud!
The stinking cloud engulfs the gnoll.
The stinking cloud engulfs you.
The stinking cloud engulfs the gnoll.
The gnoll sergeant shouts!
The gnoll hits you from afar with a +0 halberd!
The gnoll is engulfed in noxious fumes.
Unknown command.
Unknown command.
The gnoll attacks as it pursues you!
The gnoll hits you from afar with a +0 halberd!
* * * LOW HITPOINT WARNING * * *
The gnoll misses you.
The gnoll sergeant is engulfed in noxious fumes.
The gnoll sergeant appears confused.
The gnoll sergeant barely misses the gnoll.
The gnoll sergeant hits itself with a +2 heavy spear!
Casting: Mephitic Cloud (extremely dangerous; 22% risk of failure)
Confirm with . or Enter, or press ? or * to list all spells.
Aiming: Mephitic Cloud (extremely dangerous; 22% risk of failure)
Press: ? - help, Shift-Dir - straight line, f/p - gnoll
Aim: a gnoll, wielding a +0 club (chance to affect: 91%)
You miscast Mephitic Cloud.
You are very lightly contaminated with residual magic.
Nothing appears to happen.
The gnoll hits you with a +0 club!
You die...

..........#...#
.......##.########
#########.#
###.###
#.#♣♣#.$)..#♣♣
#.#♣)#.....#.♣
#.#♣.#.○g..#.♣
#.#♣.###g###.♣
#.#♣.....g..)♣
#.#♣♣..♣@...♣♣ #.#
♣♣)..♣.♣♣ #(#
♣.....♣
#.###♣♣...♣♣
#...##♣..)♣
###..#♣♣.♣♣ ##.#
♣)♣ #.###)#
#.....#


You could see a gnoll sergeant (confused) and 2 gnolls.

Vanquished Creatures
  2 gnolls (D:2)
  An adder (D:2)
  3 dart slugs
  2 ribbon worms (D:2)
  2 ball pythons
  3 endoplasms
  3 giant cockroaches
  3 hobgoblins
  4 jackals (D:2)
  2 quokkas
  8 bats
  A frilled lizard (D:1)
  5 kobolds
  4 rats
43 creatures vanquished.

Vanquished Creatures (collateral kills)
  A quokka (D:2)
1 creature vanquished.

Grand Total: 44 creatures vanquished

Notes
Turn   | Place    | Note
-------+----------+-------------------------------------------
     0 | D:1      | pokeman the Deep Elf Hedge Wizard began the quest for the
                  | Orb.
     0 | D:1      | Reached XP level 1. HP: 10/10 MP: 7/7
   199 | D:1      | Reached XP level 2. HP: 16/16 MP: 3/9
   466 | D:1      | Reached skill level 5 in Spellcasting
   513 | D:1      | Found Telairgha's Jewellery Shop.
   675 | D:1      | Found a faded altar of an unknown god.
   786 | D:1      | Reached XP level 3. HP: 20/20 MP: 6/11
   790 | D:1      | Learned a level 3 spell: Mephitic Cloud
   793 | D:1      | Learned a level 2 spell: Call Imp
   796 | D:1      | Learned a level 2 spell: Blink
  1154 | D:2      | Reached skill level 1 in Armour
  1164 | D:2      | Reached skill level 1 in Fighting
  1437 | D:2      | Found an ancient bone altar of Kikubaaqudgha.
  1448 | D:2      | Reached XP level 4. HP: 25/25 MP: 11/13
  2011 | D:2      | Noticed a gnoll sergeant
  2011 | D:2      | Found the +5 woodcutter's axe
  2018 | D:2      | Slain by a gnoll

Illustrated notes

Levels and vault maps discovered:
D:1:      lightli_arrival_lavapool, layout_rooms, serial_shops, shop,
          dreamdust_ecumenical_altar_grove
D:2:      minmay_wonky_spiral, layout_basic, basic_altar,
          pf_guarded_unrand_woodcutter

Skill      XL: |  1  2  3 |
---------------+----------+-----
Spellcasting   | 5 |  5.8
Armour         | 1 |  1.0
Fighting       | 1 |  1.0
Conjurations   | 2 |  2.3
Dodging        | |  2.9
Stealth        | |  2.9
Summonings     | |  1.1
Translocations | |  1.1

Action                     |  1- 3 |  4- 6 || total
---------------------------+-------+-------++-------
  Melee: Dagger            |     7 |     6 ||    13
   Cast: Magic Dart        |    87 |    40 ||   127
         Mephitic Cloud    |     1 |     2 ||     3
         Call Imp          |     1 |     1 ||     2
   Stab: Confused          |     1 |       ||     1
 Armour: Robe              |    14 |    15 ||    29
  Dodge: Dodged            |    20 |     6 ||    26

Table legend: (Time is in decaauts)
 A = Elapsed time spent in this place.
 B = Non-inter-level travel time spent in this place.
 C = Inter-level travel time spent in this place.
 D = Time resting spent in this place.
 E = Time spent auto-exploring this place.
 F = Levels seen in this place.
 G = Mean time per level.
                   A        B        C        D        E       F      G
               +--------+--------+--------+--------+--------+-----+--------+
         Total |   2017 |   1957 |     60 |     58 |   1558 |   2 | 1008.5 |
       Dungeon |   2017 |   1957 |     60 |     58 |   1558 |   2 | 1008.5 |
               +--------+--------+--------+--------+--------+-----+--------+

Top non-repeatable levels by time:
     D:2: 1079 daAuts
     D:1: 938 daAuts
